 Dungeon Crawl Stone Soup version 0.18.1-48-g4cf74bf (webtiles) character file.

580 nikopol the Chopper (level 7, -2/62 HPs)
             Began as a Minotaur Berserker on Sept 4, 2016.
             Was an Elder of Trog.
             Slain by a mummy (12 damage)
             ... in an ossuary.
             The game lasted 00:08:16 (3368 turns).

nikopol the Chopper (Minotaur Berserker)            Turns: 3368, Time: 00:08:17

Health: -2/62      AC:  9    Str: 22    XL:     7   Next: 13%
Magic:  6/6        EV: 11    Int:  4    God:    Trog [****..]
Gold:   111        SH:  0    Dex: 11    Spells: 0 memorised, 6 levels left

rFire  . . .     SeeInvis .     a - +0 war axe
rCold  . . .     Gourm    .     B - +0 scale mail
rNeg   . . .     Faith    .     (no shield)
rPois  .         Spirit   .     (helmet restricted)
rElec  .         Dismiss  .     x - +1 cloak
rCorr  .         Reflect  .     (no gloves)
SustAt .         Harm     .     (no boots)
MR     .....                    (no amulet)
Stlth  ..........               (no ring)
                                (no ring)

@: not resistant to hostile enchantments, extremely unstealthy
A: retaliatory headbutt, horns 2
a: Berserk, Trog's Hand, Brothers in Arms, Burn Spellbooks, Renounce Religion


You were in an ossuary.
You worshipped Trog.
Trog was greatly pleased with you.
You were not hungry.

You visited 1 branch of the dungeon, and saw 5 of its levels.
You also visited: Ossuary.

You collected 111 gold pieces.

Inventory:

Hand Weapons
 a - a +0 war axe (weapon)
 v - a +0 hand axe
Missiles
 r - 68 arrows (quivered)
Armour
 b - a +0 animal skin
 k - a +0 leather armour
 p - a +0 ring mail
 x - a +1 cloak (worn)
 B - a +0 scale mail (worn)
Jewellery
 d - an uncursed ring of flight {unknown}
 f - an uncursed ring of wizardry {unknown}
Scrolls
 j - a scroll of remove curse
 l - a scroll of blinking {unknown}
 m - a scroll of fear {unknown}
 o - a scroll of amnesia {unknown}
 u - 3 scrolls of identify {unknown}
 z - a scroll of teleportation {unknown}
 A - a scroll of noise {unknown}
 D - a scroll of recharging {unknown}
 E - a scroll of enchant weapon {unknown}
Potions
 e - 2 potions of heal wounds
 h - a potion of cancellation {unknown}
 i - 4 potions of curing {unknown}
 q - 2 potions of cure mutation {unknown}
 C - a potion of ambrosia {unknown}
 F - a potion of haste {unknown}
 H - 2 potions of mutation {unknown}
Comestibles
 c - 4 bread rations
 g - 2 beef jerkies
 n - 2 slices of pizza


   Skills:
 + Level 5.7 Fighting
 + Level 6.0 Axes
 + Level 5.3 Armour
 + Level 4.3 Dodging


You had 6 spell levels left.
You didn't know any spells.

Dungeon Overview and Level Annotations

Branches:
Dungeon (5/15)             Temple (0/1) D:4

Altars:
Nemelex Xobeh


Innate Abilities, Weirdness & Mutations

You reflexively headbutt those who attack you in melee.
You have a pair of horns on your head.


Message History

You hit the human zombie. The human zombie barely misses you.
The human zombie hits you but does no damage.
The mummy hits you!
* * * LOW HITPOINT WARNING * * *
You slash the human zombie!
You destroy the human zombie!
Your Axes skill increases to level 6!
You hit the human zombie but do no damage.
You hit the mummy.
The mummy is moderately damaged.
The human zombie barely misses you.
You are too injured to fight recklessly!
You are too injured to fight recklessly!
You're too hungry to go berserk.
There is an open door here.
You're too hungry.
Eat which item? (? for menu, Esc to quit)
You continue eating.
The mummy hits you!
You die...

###.###
##.....##
#.......#
#.......#
#.......#
#.....# #Z#
#M# ###@###
##.....##
#.......#
##...∩...##
+...∩∩∩...+
##...∩...##
#.......#
##.....##
###.###


You could see a mummy and a human zombie.

Vanquished Creatures
  2 centaur zombies (Ossuary)
  A human zombie (Ossuary)
  An orc priest (D:4)
  A giant frog skeleton (D:4)
  3 orc wizards (D:4)
  Ijyb (D:3)
  An iguana (D:4)
  2 worker ants (D:4)
  Robin (D:2)
  3 gnolls (D:2)
  8 adders
  An ooze (D:1)
  4 dart slugs
  2 worms
  3 giant geckos
  11 orcs (D:4)
  2 ball pythons
  5 bats
  4 giant cockroaches
  18 goblins
  16 hobgoblins
  5 jackals
  7 kobolds
  4 quokkas
  4 giant newts
  A quokka skeleton (D:4)
  10 rats
121 creatures vanquished.

Vanquished Creatures (others)
  4 orcs (D:4)
4 creatures vanquished.

Grand Total: 125 creatures vanquished

Notes
Turn   | Place    | Note
--------------------------------------------------------------
     0 | D:1      | nikopol the Minotaur Berserker began the quest for the Orb.
     0 | D:1      | Reached XP level 1. HP: 19/19 MP: 0/0
   227 | D:1      | Reached XP level 2. HP: 25/27 MP: 1/1
   396 | D:1      | Reached skill level 4 in Axes
   459 | D:1      | Reached ** piety under Trog
   499 | D:1      | Reached XP level 3. HP: 32/33 MP: 2/2
  1150 | D:2      | Reached XP level 4. HP: 40/40 MP: 3/3
  1172 | D:2      | Noticed Robin
  1180 | D:2      | Killed Robin
  1181 | D:2      | Reached *** piety under Trog
  1557 | D:2      | Reached XP level 5. HP: 47/47 MP: 4/4
  1583 | D:2      | Found a sparkling altar of Nemelex Xobeh.
  2032 | D:3      | You fall through a shaft!
  2116 | D:3      | Reached skill level 5 in Axes
  2204 | D:3      | Noticed Ijyb
  2208 | D:3      | Reached **** piety under Trog
  2215 | D:3      | Killed Ijyb
  2215 | D:3      | Reached skill level 5 in Fighting
  2415 | D:4      | Reached XP level 6. HP: 51/56 MP: 5/5
  2653 | D:4      | Reached skill level 5 in Armour
  2793 | D:4      | Found a staircase to the Ecumenical Temple.
  3302 | D:5      | Entered Level 5 of the Dungeon
  3335 | D:5      | Found a sand-covered staircase.
  3344 | Ossuary  | Entered an ossuary
  3357 | Ossuary  | Reached XP level 7. HP: 39/61 MP: 6/6
  3364 | Ossuary  | Reached skill level 6 in Axes
  3368 | Ossuary  | Slain by a mummy

Skill      XL: |  1  2  3  4  5  6  7 |
---------------+----------------------+-----
Axes           | 4 5 6 |  6.0
Armour         | 3 4 5 |  5.3
Fighting       | 4 5 |  5.7
Dodging        | 3 4 |  4.3

Action                   |  1- 3 |  4- 6 |  7- 9 || total
-------------------------+-------+-------+-------++-------
Melee: Hand axe          |    78 |    48 |       ||   126
       Headbutt          |     9 |    29 |     4 ||    42
       War axe           |       |   130 |     7 ||   137
Invok: Berserk           |       |     2 |       ||     2
  Use: Scroll            |       |     1 |       ||     1
  Eat: Chunk             |     1 |     7 |       ||     8
       Royal jelly       |       |       |     1 ||     1
Armor: Animal skin       |     5 |       |       ||     5
       Leather armour    |     6 |       |       ||     6
       Ring mail         |    15 |    66 |       ||    81
       Scale mail        |       |     4 |     4 ||     8
Dodge: Dodged            |    50 |   123 |     5 ||   178
